 Dungeon Crawl Stone Soup version 0.27.0-1-g7a089689b8 (webtiles) character file.

Game seed: 4277815119568875911

56 hawla the Sneak (level 3, -1/22 HPs)
             Began as a Deep Elf Delver on Aug 8, 2021.
             Was an Initiate of Kikubaaqudgha.
             Slain by an ufetubus (4 damage)
             ... in the Ecumenical Temple.
             The game lasted 00:01:45 (102 turns).

hawla the Sneak (Deep Elf Delver)                    Turns: 102, Time: 00:01:45

Health: -1/22      AC:  4    Str:  9    XL:     3   Next: 69%
Magic:  5/5        EV: 12    Int: 15    God:    Kikubaaqudgha [......]
Gold:   15         SH:  0    Dex: 16    Spells: 2/2 levels left

rFire    . . .     SeeInvis .   a - +0 short sword
rCold    . . .     Faith    .   (no shield)
rNeg     . . .     Spirit   .   b - +1 leather armour
rPois    .         Reflect  .   (no helmet)
rElec    .         Harm     .   (no cloak)
rCorr    .         Rampage  .   (no gloves)
Will     .....                  (no boots)
Stlth    +++.......             (no amulet)
HPRegen  0.07/turn              (no ring)
MPRegen  0.09/turn              (no ring)

@: hasted, very quick
A: no striking features
a: Renounce Religion


You were in the Ecumenical Temple.
You worshipped Kikubaaqudgha.
Kikubaaqudgha was noncommittal.
You visited 2 branches of the dungeon, and saw 2 of its levels.

You collected 15 gold pieces.

Inventory:

Hand Weapons
 a - a +0 short sword (weapon)
Armour
 b - a +1 leather armour (worn)
Wands
 g - a wand of digging (3)
Scrolls
 c - a scroll of fog
 d - a scroll of magic mapping
 e - a scroll of fear


   Skills:
 + Level 2.6 Fighting
 + Level 2.2 Short Blades
 + Level 2.5 Dodging
 + Level 7.3 Stealth


You had 2 spell levels left.
You didn't know any spells.
Your spell library was empty.

Dungeon Overview and Level Annotations

Branches:
Dungeon (5/15)             Temple (1/1) D:5

Altars:
Cheibriados
Dithmenos
Elyvilon
Gozag
Kikubaaqudgha
Makhleb
Nemelex Xobeh
Okawaru
Qazlal
Ru
Sif Muna
Trog
Vehumet
Xom
Yredelemnul
Zin
The Shining One

Shops:
D:5 :


Message History

The ufetubus is moderately wounded.
The ufetubus completely misses you. The ufetubus misses you.
You closely miss the ufetubus.
The ufetubus is moderately wounded.
The ufetubus barely misses you. The ufetubus hits you. x3
* * * LOW HITPOINT WARNING * * *
You miss the ufetubus.
The ufetubus is moderately wounded.
The ufetubus hits you.
* * * LOW HITPOINT WARNING * * *
The ufetubus barely misses you.
You barely miss the ufetubus.
The ufetubus is moderately wounded.
The ufetubus closely misses you. The ufetubus barely misses you. x3
As you read the scroll labelled VOSCHO URHOU, it crumbles to dust.
It is a scroll of enchant armour.
Your +0 leather armour glows green for a moment.
The ufetubus hits you but does no damage.
The ufetubus barely misses you.
Okay, then.
You feel yourself speed up. The ufetubus closely misses you.
The ufetubus hits you but does no damage.
The ufetubus closely misses you. The ufetubus barely misses you.
Found a radiant altar of Vehumet.
Found a glowing silver altar of Zin.
Found a sparkling altar of Nemelex Xobeh.
Found a stormy altar of Qazlal.
The ufetubus closely misses you. The ufetubus hits you.
* * * LOW HITPOINT WARNING * * *
The ufetubus barely misses you. The ufetubus misses you.
Found an iron altar of Okawaru.
There is a snail-covered altar of Cheibriados here.
There is an ancient bone altar of Kikubaaqudgha here.
You kneel at the altar of Kikubaaqudgha.
Kikubaaqudgha welcomes you! The ufetubus hits you.
* * * LOW HITPOINT WARNING * * *
The ufetubus hits you.
You die...
Kikubaaqudgha rasps: "You have failed me!
Welcome... death!"

.......#.........._....#
_...._..._...._........#
.......<........########
######...########
##._.## ##.....##
##.._._..##
##....5....##
#.....@.....#
#..._....._...#
...............
##....._.....##
####.....#### #######


You could see an ufetubus.

Vanquished Creatures
  A bullfrog skeleton (D:5)
  A hound (D:5)
  A quokka (D:5)
3 creatures vanquished.

Notes
Turn   | Place    | Note
-------+----------+-------------------------------------------
     0 | D:5      | hawla the Deep Elf Delver began the quest for the Orb.
     0 | D:5      | Reached XP level 1. HP: 13/13 MP: 3/3
    17 | D:5      | Noticed a hound
    20 | D:5      | Killed a hound
    21 | D:5      | Reached XP level 2. HP: 18/18 MP: 4/4
    38 | D:5      | Reached XP level 3. HP: 22/22 MP: 5/5
    42 | D:5      | Found a staircase to the Ecumenical Temple.
    56 | D:5      | Reached skill level 7 in Stealth
    70 | Temple   | Entered the Ecumenical Temple
   102 | Temple   | Became a worshipper of Kikubaaqudgha
   102 | Temple   | Slain by an ufetubus

Illustrated notes

Levels and vault maps discovered:
D:5:      layout_basic, minmay_temple_entry_mini_moons, serial_shops, shop,
          nicolae_square_shop, nicolae_shop_statue_plus, shop,
          gup_sewer_entry_glass
Temple:   dpeg_three_leaves_temple

Skill      XL: |  1  2  3 |
---------------+----------+-----
Stealth        | 7 |  7.3
Fighting       | |  2.6
Short Blades   | |  2.2
Dodging        | |  2.5

Action                   || total
-------------------------++-------
Melee: Short sword       ||    24
  Use: Potion            ||     2
       Scroll            ||     1
 Stab: Sleeping          ||     1
Armor: Leather armour    ||     8
Dodge: Dodged            ||    37
